 Dungeon Crawl Stone Soup version 0.18-a0-1702-gd20c6a5 (webtiles) character file.

131 dvd the Skirmisher (level 5, -1/43 HPs)
             Began as a Formicid Abyssal Knight on Apr 7, 2016.
             Was a Believer of Lugonu.
             Killed by a spatial distortion (4 damage)
             ... on level 7 of the Dungeon.
             The game lasted 00:08:09 (3767 turns).

dvd the Skirmisher (Formicid Abyssal Knight)        Turns: 3767, Time: 00:08:10

Health: -1/43      AC:  8    Str: 16    XL:     5   Next: 37%
Magic:  6/6        EV: 10    Int: 12    God:    Lugonu [**....]
Gold:   241        SH:  0    Dex: 11    Spells: 0 memorised, 4 levels left

rFire  . . .     SeeInvis +     a - +1 mace
rCold  . . .     Gourm    .     p - +0 scale mail
rNeg   . . .     Faith    .     (no shield)
rPois  .         Spirit   .     (helmet unavailable)
rElec  .         Dismiss  .     (no cloak)
rCorr  .         Reflect  .     (no gloves)
SustAt .         Harm     .     f - +1 pair of boots
MR     .....                    s - amulet of magic regeneration
Stlth  ..........               (no ring)
                                (no ring)

@: drained, not resistant to hostile enchantments, extremely unstealthy
A: permanent stasis, dig shafts and tunnels, four strong arms, antennae 3
a: Dig, Shaft Self, Depart the Abyss, Bend Space, Renounce Religion


You were on level 7 of the Dungeon.
You worshipped Lugonu.
Lugonu was pleased with you.
You were hungry.

You visited 1 branch of the dungeon, and saw 5 of its levels.
You visited the Abyss 1 time.

You collected 241 gold pieces.

Inventory:

Hand Weapons
 a - a +1 mace (weapon)
 y - a cursed -1 short sword
 B - a +0 hunting sling
Missiles
 C - 37 sling bullets
Armour
 b - a +0 leather armour
 f - a +1 pair of boots (worn)
 p - a +0 scale mail (worn)
 F - a cursed +0 scale mail
Jewellery
 i - an uncursed ring of ice
 s - an amulet of magic regeneration (around neck)
Scrolls
 d - a scroll of teleportation
 g - 4 scrolls of identify {unknown}
 q - a scroll of magic mapping
 v - a scroll of remove curse
 w - a scroll of amnesia {unknown}
 E - a scroll of blinking {unknown}
Potions
 e - a potion of magic {unknown}
 j - a potion of degeneration {unknown}
 l - 2 potions of curing
 n - 2 potions of lignification {unknown}
 t - a potion of agility {unknown}
 z - a potion of flight {unknown}
 A - a potion of brilliance {unknown}
Comestibles
 c - 3 bread rations
 h - 4 slices of pizza
 r - a meat ration
 D - a beef jerky


   Skills:
 + Level 4.5(4.2) Fighting
 + Level 2.6(2.3) Maces & Flails
 + Level 3.3(3.0) Armour
 + Level 2.0(1.7) Dodging
 + Level 0.6(0.4) Stealth
 + Level 2.3(2.1) Invocations


You had 4 spell levels left.
You didn't know any spells.

Dungeon Overview and Level Annotations

Branches:
Dungeon (4/15)
 Temple: D:4-7

Altars:
Elyvilon
Nemelex Xobeh
Pakellas

Annotations:
D:4 incide's ghost, amateur MiCK
D:7 Dowan; Duvessa; Menkaure


Innate Abilities, Weirdness & Mutations

You are under a permanent stasis effect.
You can dig through walls and to a lower floor.
Your four strong arms can wield two-handed weapons with a shield.
You have a pair of large antennae on your head (SInv).


Message History

The killer bee misses you.
An orc comes into view. It is wielding a dagger.
The killer bee barely misses you.
You extend your mandibles.
You dig through the rock wall.
A worker ant, an orc and an orc wizard come into view.
The worker ant twitches its antennae in your direction.
The orc warrior shouts!
The orc shouts!
The orc wizard shouts!
The killer bee closely misses you. The orc barely misses you.
A killer bee and a shadow imp come into view.
You retract your mandibles.
An orc comes into view. It is wielding a trident.
The killer bee buzzes angrily.
The killer bee stings you but does no damage.
The orc wizard casts a spell.
The orc wizard flickers and vanishes for a moment.
The killer bee stings you!
* * * LOW HITPOINT WARNING * * *
Space bends around you!
You blink.
You die...

#(# *,.....#{#.#,*,,,,,,,*,* #o#
*......#.#.#,*,*,***,*,*** #.#
#......#e#.#,#,*,* *,*,,,, #.#
####.#.#.#.#.#,#,***,*****
#.#########.#.#yy.#.#.#.#,,,*
................o§y..o.o.,*******
...................a.o....,,,,,,,
......................o...*,*****
.....{..........@.....5..<,,,,,*
.......{..................*,**,*
..........................*,**,*
..........................*,**,*
..........................,,**,*
............%.............****,**
..........................,,,,>,,
..........................*******
..........................*


You could see Duvessa, an orc warrior, a worker ant, 3 killer bees, an orc
wizard (invisible), a shadow imp and 3 orcs.

Vanquished Creatures
  A worker ant (D:3)
  3 adders
  An ooze (D:3)
  2 worms (D:2)
  2 dart slugs (D:1)
  5 giant geckos
  2 orcs
  5 bats
  5 giant cockroaches
  7 hobgoblins
  5 jackals (D:2)
  4 kobolds
  A quokka (D:2)
  2 giant newts
  6 goblins
  6 rats
57 creatures vanquished.

Notes
Turn   | Place    | Note
--------------------------------------------------------------
     0 | Abyss:1  | dvd the Formicid Abyssal Knight began the quest for the Orb.
     0 | Abyss:1  | Reached XP level 1. HP: 18/18 MP: 2/2
    36 | Abyss:1  | Noticed a bone dragon
    36 | D:1      | Escaped the Abyss
   298 | D:1      | Reached XP level 2. HP: 24/24 MP: 3/3
   737 | D:1      | Reached skill level 1 in Dodging
   737 | D:1      | Reached XP level 3. HP: 29/30 MP: 4/4
  1213 | D:2      | Reached skill level 4 in Fighting
  1262 | D:2      | Reached ** piety under Lugonu
  1644 | D:2      | Reached XP level 4. HP: 37/37 MP: 5/5
  2869 | D:3      | Found an oddly glowing altar of Pakellas.
  2919 | D:3      | Found a white marble altar of Elyvilon.
  2925 | D:3      | Reached XP level 5. HP: 37/42 MP: 6/6
  3467 | D:4      | Noticed incide's ghost (amateur MiCK)
  3584 | D:4      | Found a sparkling altar of Nemelex Xobeh.
  3691 | D:4      | Noticed a centaur
  3702 | D:4      | HP: 2/43 [scorpion (7)]
  3706 | D:4      | You fall through a shaft for 3 floors!
  3706 | D:7      | Noticed Menkaure
  3711 | D:7      | Noticed an ice beast
  3711 | D:7      | Noticed an orc warrior
  3738 | D:7      | Noticed Duvessa
  3749 | D:7      | Noticed Dowan
  3767 | D:7      | Killed by a spatial distortion

Vault maps used:
D:1:      minmay_arrival_nine_rooms, grunt_decor_fettered
D:2:      forest_paths, first_bread
D:3:      marbit_many_paths, lemuel_crystal_altar
D:4:      lemuel_round_altar, minmay_temple_entry_trees, uniq_pikel,
          uniq_sigmund
D:7:      uniq_menkaure, uniq_duvessa

Skill      XL: |  1  2  3  4 |
---------------+-------------+-----
Dodging        | 1 2 |  2.0
Fighting       | 4 |  4.5
Armour         | 3 |  3.3
Maces & Flails | |  2.6
Stealth        | |  0.6
Invocations    | |  2.3

Action                   |  1- 3 |  4- 6 || total
-------------------------+-------+-------++-------
Melee: Mace              |    83 |   137 ||   220
Invok: Bend Space        |       |     1 ||     1
 Abil: Dig               |     1 |     2 ||     3
       Shaft Self        |       |     1 ||     1
  Use: Scroll            |       |     8 ||     8
       Potion            |       |     2 ||     2
  Eat: Chunk             |     2 |     7 ||     9
